 Dungeon Crawl Stone Soup version 0.32-a0-818-gb728d02 (webtiles) character file.

Game seed: 1225247007715588541

9722 Dorkslayer the Cleaver (level 11, -2/73 HPs)
             Began as an Octopode Fighter on Mar 23, 2024.
             Was a High Priest of Okawaru.
             Slain by a white imp (3 damage)
             ... on level 11 of the Dungeon.
             The game lasted 00:25:24 (8144 turns).

Dorkslayer the Cleaver (Octopode Fighter)           Turns: 8144, Time: 00:25:24

Health: -2/73      AC:  5    Str: 18    XL:     11   Next: 50%
Magic:  0/23       EV: 18    Int: 22    God:    Okawaru [*****.]
Gold:   464        SH:  9    Dex: 15    Spells: 10/10 levels left

rFire   + . .        H - +2 war axe (elec)
rCold   . . .        k - +0 kite shield
rNeg    . . .        (helmet restricted)
rPois   .            t - amulet of guardian spirit
rElec   .            n - ring of magical power
rCorr   +            u - +4 ring of protection
SInv    .            g - ring of Mompar {EV+5 Int+5}
Will    .....        y - ring of flight
Stlth   +++++        l - ring "Oga Joilyo" {Int+6 Slay+5}
HPRegen 0.32/turn    s - ring of protection from fire
MPRegen 0.18/turn    J - ring of resist corrosion
                     (no ring)

%: guardian spirit
@: flying, hasted, very quick
A: almost no armour, amphibious, 8 rings, camouflage 1, gelatinous body 1,
(nimble swimmer 1), tentacles, tentacle spike 1, agile 1, wild magic 1
a: Renounce Religion, Heroism, Finesse, Duel


You were on level 11 of the Dungeon.
You worshipped Okawaru.
Okawaru was extremely pleased with you.
You visited 2 branches of the dungeon, and saw 12 of its levels.
You also visited: Sewer.

You collected 739 gold pieces.
You spent 275 gold pieces at shops.

Inventory:

Hand Weapons
 a - a +0 war axe of venom
 H - a +2 war axe of electrocution (weapon)
Missiles
 b - a curare-tipped dart (quivered)
 f - 11 boomerangs
 K - 2 silver javelins
Armour
 k - a +0 kite shield (worn)
Jewellery
 g - the ring of Mompar (on tentacle) {EV+5 Int+5}
   (You acquired it on level 6 of the Dungeon)

   [ring of evasion]

   EV+5:      It affects your evasion (+5).
   Int+5:     It affects your intelligence (+5).
 l - the ring "Oga Joilyo" (on tentacle) {Int+6 Slay+5}
   (You acquired it on level 7 of the Dungeon)

   [ring of intelligence]

   Int+6:     It affects your intelligence (+6).
   Slay+5:    It affects your accuracy & damage with ranged weapons and melee
   (+5).
 n - a ring of magical power (left tentacle)
 s - a ring of protection from fire (on tentacle)
 t - an amulet of guardian spirit (around mantle)
 u - a +4 ring of protection (right tentacle)
 y - a ring of flight (on tentacle)
 J - a ring of resist corrosion (on tentacle)
Talismans
 h - a flux talisman
 r - a granite talisman
 F - a blade talisman
Wands
 c - a wand of mindburst (12)
 e - a wand of polymorph (7)
 j - a wand of light (3)
 o - a wand of paralysis (7)
 x - a wand of flame (15)
 I - a wand of iceblast (5)
Scrolls
 m - a scroll of fog
 q - 3 scrolls of identify
 w - 4 scrolls of blinking
 A - 3 scrolls of teleportation
 E - a scroll of fear
 G - a scroll of silence
Potions
 d - 3 potions of mutation
 i - a potion of ambrosia
 p - a potion of enlightenment
 v - 2 potions of might
 z - a potion of brilliance
 B - a potion of magic
 C - 3 potions of haste
 D - a potion of resistance


   Skills:
 + Level 6.3 Fighting
 + Level 9.6 Axes
 + Level 1.9 Throwing
 + Level 6.0 Dodging
 + Level 9.0 Stealth
 + Level 4.5 Shields
 * Level 4.6 Invocations
 * Level 7.3 Evocations
 * Level 6.1 Shapeshifting


You had 10 spell levels left.
You didn't know any spells.
Your spell library contained the following spells:

 Spells                   Type           Power      Damage    Failure   Level
 Apportation              Tloc           0%         N/A       47%         1
 Freeze                   Ice            0%         1d3       47%         1
 Magic Dart               Conj           0%         1d3       47%         1
 Necrotise                Necr           0%         1d4       47%         1
 Shock                    Conj/Air       0%         1d3       47%         1
 Sting                    Conj/Alch      0%         1d3       47%         1
 Lesser Beckoning         Tloc           0%         N/A       63%         2
 Mercury Vapours          Alch/Air       0%         N/A       63%         2
 Searing Ray              Conj           0%         2d4       63%         2
 Frozen Ramparts          Ice            0%         1d1       83%         3
 Gell's Gravitas          Tloc           0%         N/A       83%         3
 Hailstorm                Conj/Ice       0%         3d5       83%         3
 Inner Flame              Hex/Fire       0%         N/A       83%         3
 Mephitic Cloud           Conj/Alch/Air  0%         N/A       83%         3
 Swiftness                Air            0%         N/A       83%         3
 Teleport Other           Tloc           0%         N/A       83%         3
 Airstrike                Air            0%         2d(0-16)  99%         4
 Cause Fear               Hex            0%         N/A       99%         4
 Dimensional Bullseye     Hex/Tloc       0%         N/A       99%         4
 Fulminant Prism          Conj/Alch      0%         3d5       99%         4
 Manifold Assault         Tloc           0%         N/A       99%         4
 Olgreb's Toxic Radiance  Alch           0%         N/A       99%         4
 Dispersal                Tloc           0%         N/A       100%        6
 Disjunction              Tloc           0%         N/A       100%        8
 Summon Small Mammal      Summ           Unusable   N/A       N/A         1
 Animate Dead             Necr           Unusable   N/A       N/A         4
 Haunt                    Necr/Summ      Unusable   N/A       N/A         7
 Infestation              Necr           Unusable   N/A       N/A         8

Dungeon Overview and Level Annotations

Branches:
Dungeon (11/15)            Temple (1/1) D:6            Lair (0/5) D:8
    Orc (0/2) D:11          Sewer (visited)

Altars:
Ashenzari
Cheibriados
Dithmenos
Elyvilon
Fedhas
Gozag
Hepliaklqana
Kikubaaqudgha
Makhleb
Nemelex Xobeh
Okawaru
Qazlal
Ru
Sif Muna
Trog
Uskayaw
Vehumet
Wu Jian
Xom
Yredelemnul
Zin
The Shining One

Shops:
D:2 !   D:9 (

Portals:
Ice
Cave: D:11


Innate Abilities, Weirdness & Mutations

You cannot wear most types of armour.
You are amphibious.
You can wear up to eight rings at the same time.
Your skin changes colour to match your surroundings (Stealth+).
Your rubbery body absorbs attacks. (AC +1, EV +1)
((You are camouflaged when in or above water. (Stealth+)))
You have tentacles for arms and can constrict up to eight enemies at once.
One of your tentacles bears a spike.
You are agile. (Dex +4, Str/Int -1)
Your spells are a little harder to cast, but a little more powerful.


Message History

The orc warrior misses you. You block the white imp's attack.
The white imp closely misses you.
You closely miss the orc warrior. Your grab misses the orc warrior.
Your tentacle spike misses the orc warrior.
You squeeze the orc warrior, but do no damage.
The orc warrior is severely wounded.
You slash the white imp! You barely miss the white imp.
The orc warrior hits you with a +0 war axe!
* * * LOW HITPOINT WARNING * * *
The white imp gestures at you. The puff of frost hits you.
* * * LOW HITPOINT WARNING * * *
The white imp hits you.
* * * LOW HITPOINT WARNING * * *
The white imp freezes you.
* * * LOW HITPOINT WARNING * * *
A white imp comes into view.
You feel yourself speed up.
A wyvern comes into view.
The orc warrior hits you with a +0 war axe!
* * * LOW HITPOINT WARNING * * *
The white imp gestures at you. The puff of frost misses you.
You block the white imp's attack. x2
Unknown command.
Okay, then.
You barely miss the orc warrior.
The white imp shouts!
Your grab misses the orc warrior.
You pierce the orc warrior, but do no damage.
You squeeze the orc warrior, but do no damage.
The orc warrior is severely wounded.
You hit the white imp. You slash the white imp!
You kill the white imp!
Okawaru accepts your kill.
You hit the white imp. The white imp closely misses you.
The orc warrior hits you with a +0 war axe.
* * * LOW HITPOINT WARNING * * *
A white imp comes into view. x2
The white imp hits you.
You die...

# ......# ## ###.
###. #.###.....# .#
.#..
....####.........##
##.#..
..k......##.#.....#
.....
..(......#.....#..#
# #.
.........#........#
##.#
.....!...#.#......#
.#.#
......5..#.#.###..#
..## ...))5o@...#.#
#..# .#.# ##
.....T55.###.###..#
##.##.# ....5.5..#
#......##### .....#
....5....#
##.##......#
.#..### .∩..######
#....####.# ##.#..#
...5 #.##.# #.#
#.##..# ...
#.##.####.# ...#..#
5# #.........#
.##..## ..
####)######


You could see a troll, an orc warrior, a wyvern and 9 white imps.

Vanquished Creatures
  2 two-headed ogres
  Pikel (D:6)
  An ugly thing (D:9)
  A cyclops (D:11)
  Jeremiah (D:6)
  2 hornets
  Sigmund (D:3)
  3 wyverns
  A wraith (D:10)
  A basilisk (D:8)
  Eustachio (D:6)
  A steam dragon (D:6)
  A warg (D:11)
  4 water moccasins
  Duvessa (D:5)
  Pargi (Sewer)
  2 black bears
  8 orc warriors
  4 ice beasts
  An ogre (D:11)
  A sky beast (D:7)
  3 wolves (D:8)
  5 centaurs
  A phantom (D:4)
  2 brain worms (Sewer)
  4 kobold brigands
  3 bullfrogs
  5 gnoll sergeants
  2 scorpions
  Dowan (D:5)
  3 killer bees (D:9)
  6 howler monkeys
  2 bombardier beetles (D:5)
  3 jellies
  An orc priest (D:11)
  4 hounds
  2 sleepcaps
  3 iguanas
  11 orc wizards
  25 gnolls
  7 adders
  A shadow imp (D:5)
  3 white imps
  A dart slug (D:2)
  3 ribbon worms
  36 orcs
  13 endoplasms
  6 giant cockroaches
  11 goblins
  11 hobgoblins
  8 jackals
  21 kobolds
  2 quokkas
  6 ball pythons
  3 bats
  6 frilled lizards
  8 rats
271 creatures vanquished.

Vanquished Creatures (others)
  An orc warrior (D:6)
1 creature vanquished.

Grand Total: 272 creatures vanquished

Notes
Turn   | Place    | Note
-------+----------+-------------------------------------------
     0 | D:1      | Dorkslayer the Octopode Fighter began the quest for the
                  | Orb.
     0 | D:1      | Reached XP level 1. HP: 16/16 MP: 1/1
   163 | D:1      | Reached XP level 2. HP: 3/21 MP: 2/2
   369 | D:1      | Reached XP level 3. HP: 24/26 MP: 3/3
   769 | D:2      | Found Vediotui's Distillery.
   772 | D:2      | Bought a potion of lignification for 36 gold pieces
   772 | D:2      | Bought a potion of degeneration for 12 gold pieces
  1619 | D:2      | Reached XP level 4. HP: 33/33 MP: 4/4
  1765 | D:3      | Reached skill level 1 in Stealth
  1976 | D:3      | Found a broken altar of Ashenzari.
  2088 | D:3      | Noticed a scorpion
  2096 | D:3      | Killed a scorpion
  2097 | D:3      | Reached XP level 5. HP: 21/37 MP: 5/5
  2449 | D:3      | Noticed Sigmund
  2455 | D:3      | Killed Sigmund
  2456 | D:3      | Reached skill level 1 in Evocations
  2456 | D:3      | Reached skill level 1 in Shapeshifting
  2456 | D:3      | Reached XP level 6. HP: 43/43 MP: 6/6
  2587 | D:4      | Found a hide-covered altar of Uskayaw.
  2587 | D:4      | Found an ancient bone altar of Kikubaaqudgha.
  2629 | D:4      | Noticed a black bear
  2642 | D:4      | Killed a black bear
  2643 | D:4      | Reached XP level 7. HP: 17/48 MP: 2/7
  2813 | D:4      | Found a radiant altar of Vehumet.
  3003 | D:4      | Found an opulent altar of Gozag.
  3004 | D:4      | Found an opulent altar of Gozag.
  3007 | D:4      | Found an opulent altar of Gozag.
  3012 | D:4      | Found an opulent altar of Gozag.
  3224 | D:5      | Entered Level 5 of the Dungeon
  3311 | D:5      | Reached skill level 5 in Axes
  3319 | D:5      | Noticed Dowan
  3321 | D:5      | Noticed Duvessa
  3328 | D:5      | Killed Duvessa
  3329 | D:5      | Reached XP level 8. HP: 38/54 MP: 8/8
  3332 | D:5      | Killed Dowan
  3503 | D:5      | Found a stormy altar of Qazlal.
  3761 | D:6      | Identified a scroll of acquirement
  3761 | D:6      | Acquired the ring of Mompar {EV+5 Int+5}
  3772 | D:6      | Noticed Jeremiah
  3778 | D:6      | Killed Jeremiah
  3779 | D:6      | Found a staircase to the Ecumenical Temple.
  3786 | Temple   | Entered the Ecumenical Temple
  3795 | Temple   | Became a worshipper of Warmaster Okawaru
  3805 | D:6      | Noticed Pikel
  3807 | D:6      | Reached skill level 5 in Stealth
  3810 | D:6      | Killed Pikel
  3810 | D:6      | Reached * piety under Okawaru
  3811 | D:6      | Reached XP level 9. HP: 60/60 MP: 9/9
  3890 | D:6      | Found a glowing drain.
  3902 | Sewer    | Entered a sewer
  3927 | Sewer    | Reached ** piety under Okawaru
  3928 | Sewer    | Reached skill level 5 in Fighting
  3990 | Sewer    | Noticed Pargi
  4051 | Sewer    | Killed Pargi
  4090 | D:6      | Gained mutation: Your health recovers twice as slowly from
                  | being drained. [potion of mutation]
  4090 | D:6      | Gained mutation: You are clumsy. (Dex -2) [potion of
                  | mutation]
  4090 | D:6      | Gained mutation: Your natural rate of healing is unusually
                  | fast. [potion of mutation]
  4090 | D:6      | Gained mutation: One of your tentacles bears a spike.
                  | [potion of mutation]
  4091 | D:6      | Lost mutation: You are clumsy. (Dex -2) [potion of
                  | mutation]
  4091 | D:6      | Lost mutation: Your health recovers twice as slowly from
                  | being drained. [potion of mutation]
  4091 | D:6      | Lost mutation: Your natural rate of healing is unusually
                  | fast. [potion of mutation]
  4091 | D:6      | Gained mutation: You are agile. (Dex +4, Str/Int -1)
                  | [potion of mutation]
  4091 | D:6      | Gained mutation: Your spells are a little harder to cast,
                  | but a little more powerful. [potion of mutation]
  4259 | D:6      | Reached skill level 5 in Evocations
  4429 | D:6      | Noticed Eustachio
  4445 | D:6      | Killed Eustachio
  4825 | D:6      | Found a bloodstained altar of Trog.
  4899 | D:7      | Reached skill level 1 in Throwing
  4958 | D:7      | Found an ornate altar of the Wu Jian Council.
  5036 | D:7      | Acquired the ring "Oga Joilyo" {Int+6 Slay+5}
  5087 | D:7      | Reached skill level 1 in Invocations
  5087 | D:7      | Reached XP level 10. HP: 52/66 MP: 10/10
  5388 | D:7      | Reached *** piety under Okawaru
  5494 | D:8      | Reached skill level 5 in Shapeshifting
  5557 | D:8      | Found a snail-covered altar of Cheibriados.
  5565 | D:8      | Noticed a two-headed ogre
  5576 | D:8      | Killed a two-headed ogre
  5690 | D:8      | Found a staircase to the Lair.
  5694 | D:8      | Reached skill level 5 in Dodging
  5704 | D:8      | Reached **** piety under Okawaru
  5739 | D:8      | Found a burning altar of Makhleb.
  6302 | D:9      | Noticed a cyan ugly thing
  6311 | D:9      | Killed a cyan ugly thing
  6489 | D:9      | Reached XP level 11. HP: 70/72 MP: 13/13
  6501 | D:9      | Found Taamiamou's Weapon Boutique.
  6501 | D:9      | Noticed a +0 bardiche
  6501 | D:9      | Noticed a +0 triple sword
  6518 | D:9      | Bought a +2 war axe of electrocution for 227 gold pieces
  6865 | D:9      | Paralysed by a hornet for 3 turns
  7137 | D:9      | Got the Omnibus of Violence and Fascination
  7212 | D:10     | Entered Level 10 of the Dungeon
  7297 | D:10     | Reached ***** piety under Okawaru
  7488 | D:10     | Noticed a two-headed ogre
  7507 | D:10     | Killed a two-headed ogre
  8044 | D:11     | Received a gift from Okawaru
  8065 | D:11     | Found a staircase to the Orcish Mines.
  8101 | D:11     | Noticed a cyclops
  8107 | D:11     | Killed a cyclops
  8138 | D:11     | Found a frozen archway.
  8143 | D:11     | HP: 2/73 [orc warrior/+0 war axe (4)]
  8144 | D:11     | Slain by a white imp

Illustrated notes

Levels and vault maps discovered:
D:1:      minmay_arrival_loop, layout_loops_cross, minmay_pentomino_q4
D:2:      layout_basic, serial_shops, nicolae_shop_window_shopping
D:3:      layout_loops_cross, mainiacjoe_overflow_alcove_2,
          minmay_misc_feat_hallway, minivault_4, corexii_corridor_pit,
          uniq_sigmund
D:4:      layout_cave_pools, nicolae_gozag_conspicuous_consumption,
          kennysheep_little_box, gammafunk_temple_overflow_wave,
          kennysheep_boxes
D:5:      layout_rooms, kennysheep_mini_moat, uniq_duvessa
D:6:      layout_loops_ring, trog_hazing_becter, minmay_temple_entry_overgrown,
          portal_sewer_entry_d, uniq_pikel, uniq_eustachio, uniq_jeremiah
D:7:      layout_gridville, nzn_wu_jian_contemplation
D:8:      layout_basic, bloody_makhleb, old_standard_altar,
          minmay_lair_entry_grove
D:9:      layout_irregular_city, serial_shops, nicolae_shop_mannequins
D:10:     layout_basic, nicolae_houndstooth_variations
D:11:     layout_basic, erik_orc_3, portal_ice_cave_entry_imps
Temple:   hellmonk_temple_two_chambers

Skill      XL: |  1  2  3  4  5  6  7  8  9 10 11 |
---------------+----------------------------------+-----
Stealth        | 1 3 5 7 8 9 |  9.0
Axes           | 3 4 5 6 7 9 |  9.6
Fighting       | 4 5 6 |  6.3
Evocations     | 1 2 3 4 5 6 7 |  7.3
Shapeshifting  | 1 2 4 5 6 |  6.1
Dodging        | 4 5 6 |  6.0
Shields        | 4 |  4.5
Throwing       | 1 |  1.9
Invocations    | 1 3 4 |  4.6

Action                     |  1- 3 |  4- 6 |  7- 9 | 10-12 || total
---------------------------+-------+-------+-------+-------++-------
  Melee: War axe           |    55 |    59 |   147 |   174 ||   435
         Constrict         |    16 |    16 |    32 |    53 ||   117
         Tentacles         |     6 |     6 |    36 |    44 ||    92
         Kick              |       |       |    18 |    70 ||    88
  Throw: Boomerang         |       |       |    16 |       ||    16
         Dart              |       |       |       |     1 ||     1
  Evoke: Wand              |       |       |    14 |    13 ||    27
    Use: Scroll            |     4 |     1 |    13 |     7 ||    25
         Potion            |       |     4 |     2 |     2 ||     8
   Stab: Sleeping          |     5 |     7 |    13 |     8 ||    33
         Invisible         |       |       |     1 |       ||     1
         Distracted        |       |       |     2 |     2 ||     4
         Paralysed         |       |       |       |     6 ||     6
 Armour: Skin              |    24 |    38 |    70 |    83 ||   215
  Dodge: Dodged            |    34 |    52 |   101 |   149 ||   336
  Block: Buckler           |     9 |    14 |    28 |    42 ||    93
         Kite shield       |       |       |       |    22 ||    22

Table legend: (Time is in decaauts)
 A = Elapsed time spent in this place.
 B = Non-inter-level travel time spent in this place.
 C = Inter-level travel time spent in this place.
 D = Time resting spent in this place.
 E = Time spent auto-exploring this place.
 F = Levels seen in this place.
 G = Mean time per level.
                   A        B        C        D        E       F      G
               +--------+--------+--------+--------+--------+-----+--------+
         Total |   8224 |   8224 |      0 |      0 |   4559 |  13 |  632.6 |
       Dungeon |   8015 |   8015 |      0 |      0 |   4559 |  11 |  728.6 |
        Temple |     18 |     18 |      0 |      0 |      0 |   1 |   18.0 |
         Sewer |    190 |    190 |      0 |      0 |      0 |   1 |  190.0 |
               +--------+--------+--------+--------+--------+-----+--------+

Top non-repeatable levels by time:
     D:2: 998 daAuts
     D:9: 957 daAuts
     D:6: 893 daAuts
     D:3: 838 daAuts
     D:8: 778 daAuts
     D:1: 747 daAuts
    D:10: 741 daAuts
     D:4: 675 daAuts
     D:7: 642 daAuts
     D:5: 542 daAuts
    D:11: 200 daAuts
   Sewer: 190 daAuts
  Temple: 18 daAuts
